 Dungeon Crawl Stone Soup version 0.21-a0-170-g0398fc9 (webtiles) character file.

2218 mrwinky the Cudgeler (level 9, -4/68 HPs)
             Began as a Demonspawn Monk on Aug 6, 2017.
             Was a High Priest of Dithmenos.
             Slain by Duvessa
             ... wielding a +0 rapier of freezing
              (14 damage)
             ... on level 7 of the Dungeon.
             The game lasted 00:13:08 (7849 turns).

mrwinky the Cudgeler (Demonspawn Monk)              Turns: 7849, Time: 00:13:09

Health: -4/68      AC:  6    Str: 11    XL:     9   Next: 13%
Magic:  9/9        EV: 13    Int: 11    God:    Dithmenos [*****.]
Gold:   274        SH:  0    Dex: 20    Spells: 8/8 levels left

rFire    x . .     SeeInvis .   e - +3 whip (vamp)
rCold    + . .     Gourm    .   (no shield)
rNeg     . . .     Faith    .   O - +0 leather armour (curse)
rPois    .         Spirit   .   k - +1 helmet
rElec    .         Reflect  .   M - +0 cloak
rCorr    .         Harm     .   (no gloves)
MR       .....                  (no boots)
Stlth    +++++++...             r - amulet of magic regeneration
HPRegen  0.21/turn              u - ring of stealth
MPRegen  0.36/turn              L - ring of ice

@: wreathed by umbra
A: hooves 2, demonic guardian 1
a: Shadow Step, Shadow Form, Renounce Religion


You were on level 7 of the Dungeon.
You worshipped Dithmenos.
Dithmenos was extremely pleased with you.
You were very hungry.

You visited 1 branch of the dungeon, and saw 7 of its levels.

You collected 384 gold pieces.
You spent 110 gold pieces at shops.

Inventory:

Hand Weapons
 a - a +0 mace
 e - a +3 vampiric whip (weapon)
 s - a +1 vampiric dagger
Missiles
 n - 318 stones (quivered)
 E - 3 silver javelins
 G - 8 tomahawks
Armour
 b - a +0 robe
 c - a +0 ring mail
 f - a +0 ring mail
 k - a +1 helmet (worn)
 y - a +0 helmet
 C - a cursed +0 shield
 I - a +0 buckler
 M - a +0 cloak (worn)
 O - a cursed +0 leather armour (worn)
Jewellery
 r - an amulet of magic regeneration (around neck)
 u - a ring of stealth (left hand)
 F - an uncursed ring of protection from cold
 L - a ring of ice (right hand)
 N - a cursed -3 ring of protection {unknown}
Wands
 v - a wand of lightning (15/15)
 D - a wand of lightning (11/15)
 J - a wand of flame (31/48)
Scrolls
 d - a scroll of magic mapping
 h - 5 scrolls of identify
 i - 2 scrolls of blinking
 m - a scroll of fog
 o - 5 scrolls of teleportation
 p - 2 scrolls of enchant weapon
 q - 2 scrolls of enchant armour
 Q - a scroll of amnesia {unknown}
 R - a scroll of remove curse
 S - a scroll of immolation {unknown}
Potions
 g - a potion of flight
 l - a potion of curing
 w - a potion of heal wounds {unknown}
 z - a potion of ambrosia
 B - a potion of cancellation
 H - 2 potions of berserk rage {unknown}
 K - a potion of haste
Books
 P - a book of Callings

   Spells                             Type                      Level
   a - Summon Small Mammal            Summoning                    1
   b - Call Imp                       Summoning                    2
   c - Call Canine Familiar           Summoning                    3
   d - Summon Guardian Golem          Hexes/Summoning              3
   e - Summon Lightning Spire         Summoning/Air                4
   f - Summon Ice Beast               Ice/Summoning                4
Comestibles
 j - 2 meat rations
 t - 5 fruits
 A - 2 bread rations


   Skills:
 - Level 5.0 Fighting
 + Level 4.2 Short Blades
 - Level 7.8 Maces & Flails
 - Level 2.6 Dodging
 + Level 6.7 Stealth


You had 8 spell levels left.
You didn't know any spells.

Dungeon Overview and Level Annotations

Branches:
Dungeon (7/15)             Temple (0/1) D:6

Altars:
Dithmenos
Fedhas
Makhleb
Okawaru
Trog
Uskayaw
Wu Jian

Shops:
D:5 !   D:6 (

Annotations:
D:7 Dowan, Duvessa


Innate Abilities, Weirdness & Mutations

You have hoof-like feet.
A weak demonic guardian rushes to your aid.


Message History

The puff of frost hits the phantom.
The phantom resists.
It was a potion of magic.
Magic courses through your body.
Duvessa hits you with a rapier of freezing.
* * * LOW HITPOINT WARNING * * *
Your white imp closely misses the phantom.
It was a potion of ambrosia.
You are confused.
You feel invigorated.
Duvessa hits you with a rapier of freezing.
* * * LOW HITPOINT WARNING * * *
Duvessa hits you with a rapier of freezing.
* * * LOW HITPOINT WARNING * * *
Your white imp gestures at Duvessa.
The puff of frost hits the phantom.
The phantom resists.
It was a potion of cancellation.
Your magical effects are unravelling.
You feel magically purged.
You feel less invigorated.
You feel less confused.
Duvessa hits you with a rapier of freezing!
You die...

................# #.#
...#..#####..#### #.#
...#...........# #.#
......#####.########.#
.#.#...............[.#
.#.#.#.####.##......##
................5...#
.#.#.#..###.#..#'#..#
##.#.#<.###.#..#@#..#
#.#.#...##.#..#e#..#
#.#.#.#........W...#
#.#.#.#.##..#.5....#
#.#.#.#.##..#5####.#
..#.#.#.##..#.# #.#
### #.#..#..#.# .#
#.#..#..#.#
#.....#.####


You could see a phantom, Duvessa, a crimson imp, a friendly white imp and a
friendly ufetubus.

Vanquished Creatures
  A hungry ghost (D:7)
  An ice beast (D:5)
  An orc warrior (D:6)
  A black bear (D:6)
  A phantom (D:4)
  2 sky beasts
  2 big kobolds (D:5)
  2 bullfrogs (D:6)
  A water moccasin skeleton (D:4)
  A howler monkey (D:6)
  5 crimson imps
  A centaur zombie (D:7)
  5 hounds
  4 orc priests
  2 bullfrog skeletons (D:6)
  2 iguanas (D:6)
  4 orc wizards
  3 worker ants
  11 adders
  6 gnolls (D:5)
  A shadow imp (D:6)
  An ooze (D:1)
  6 worms
  A dart slug (D:4)
  5 leopard geckos
  29 orcs
  4 giant cockroaches
  37 goblins
  22 hobgoblins
  14 jackals
  10 kobolds
  3 quokkas
  2 ball pythons
  11 bats
  3 frilled lizards
  A jackal zombie (D:5)
  A leopard gecko skeleton (D:6)
  A quokka zombie (D:7)
  2 rats (D:1)
210 creatures vanquished.

Vanquished Creatures (collateral kills)
  A big kobold (D:5)
  A scorpion (D:7)
  An orc wizard (D:6)
  A gnoll (D:5)
  A hobgoblin (D:5)
  2 jackals
  A kobold (D:5)
  3 goblins (D:5)
11 creatures vanquished.

Grand Total: 221 creatures vanquished

Notes
Turn   | Place    | Note
-------+----------+-------------------------------------------
     0 | D:1      | mrwinky the Demonspawn Monk began the quest for the Orb.
     0 | D:1      | Reached XP level 1. HP: 18/18 MP: 1/1
   126 | D:1      | Reached skill level 3 in Maces & Flails
   263 | D:1      | Gained mutation: You have large cloven feet. [demonic ancestry]
   263 | D:1      | Reached XP level 2. HP: 24/24 MP: 2/2
   802 | D:1      | Gained mutation: You have hoof-like feet. [demonic ancestry]
   802 | D:1      | Reached XP level 3. HP: 29/29 MP: 3/3
  1270 | D:2      | Reached skill level 4 in Maces & Flails
  1409 | D:2      | Found a faded altar of an unknown god.
  1438 | D:2      | Became a worshipper of Dithmenos the Shadowed
  1438 | D:2      | Reached * piety under Dithmenos
  1438 | D:2      | Reached ** piety under Dithmenos
  1644 | D:2      | Reached XP level 4. HP: 35/35 MP: 4/4
  1864 | D:2      | Reached *** piety under Dithmenos
  2012 | D:3      | Found an iron altar of Okawaru.
  2052 | D:3      | Reached skill level 5 in Maces & Flails
  2172 | D:3      | Found a burning altar of Makhleb.
  2349 | D:3      | Found a shadowy altar of Dithmenos.
  2368 | D:3      | Reached XP level 5. HP: 37/41 MP: 5/5
  3036 | D:4      | Reached skill level 6 in Maces & Flails
  3055 | D:4      | Reached XP level 6. HP: 4/47 MP: 6/6
  4136 | D:4      | Reached skill level 7 in Maces & Flails
  4310 | D:4      | Reached **** piety under Dithmenos
  4705 | D:5      | Entered Level 5 of the Dungeon
  4714 | D:5      | Found Nowiz's Distillery.
  4721 | D:5      | Bought a potion of haste for 110 gold pieces
  4743 | D:5      | Noticed a sky beast
  4789 | D:5      | Killed a sky beast
  4789 | D:5      | Gained mutation: A weak demonic guardian rushes to your aid. [demonic ancestry]
  4789 | D:5      | Reached XP level 7. HP: 20/52 MP: 7/7
  5411 | D:5      | Reached ***** piety under Dithmenos
  5636 | D:5      | Reached XP level 8. HP: 59/60 MP: 8/8
  6301 | D:6      | Found Caen Umu's Antique Weapon Emporium.
  6326 | D:6      | Found a staircase to the Ecumenical Temple.
  6345 | D:6      | Reached skill level 5 in Fighting
  6424 | D:6      | Reached skill level 1 in Short Blades
  6578 | D:6      | Reached skill level 5 in Stealth
  6579 | D:6      | Found an ornate altar of the Wu Jian Council.
  6580 | D:6      | Found a bloodstained altar of Trog.
  6585 | D:6      | Found a hide-covered altar of Uskayaw.
  6585 | D:6      | Found a blossoming altar of Fedhas.
  7381 | D:6      | Reached XP level 9. HP: 64/68 MP: 9/9
  7739 | D:7      | Found an iron altar of Okawaru.
  7814 | D:7      | Noticed Dowan
  7822 | D:7      | Noticed Duvessa
  7849 | D:7      | Slain by Duvessa

Vault maps used:
D:1:      wheals_arrival_shading, serial_forest, infiniplex_forest_lined_ring,
          infiniplex_forest_lined_corner, infiniplex_forest_join,
          infiniplex_forest_zigzag_1, infiniplex_forest_end_2,
          infiniplex_forest_pool, infiniplex_forest_corner_2,
          infiniplex_forest_clump_medium
D:2:      chequers_ecumenical_altar_simple
D:3:      lemuel_crystal_altar, nicolae_dithmenos_shadow_blocks, first_bread,
          st_stairs_8, okawaru_ov_weapons_minmay
D:5:      minmay_goblin_kobold_castle, serial_shops, nicolae_shop_trees
D:6:      chequers_temple_overflow_statue_of_worship, minmay_temple_entry_mist,
          serial_shops, shop
D:7:      led_sif_pool, kennysheep_mini_moat, uniq_duvessa

Skill      XL: |  1  2  3  4  5  6  7  8  9 |
---------------+----------------------------+-----
Maces & Flails | 3 4 5 6 7 |  7.8
Stealth        | 3 6 |  6.7
Fighting       | 4 5 |  5.0
Short Blades   | 3 4 |  4.2
Dodging        | |  2.6

Action                   |  1- 3 |  4- 6 |  7- 9 || total
-------------------------+-------+-------+-------++-------
Melee: Mace              |    16 |       |       ||    16
       Whip              |    84 |   216 |   440 ||   740
       Kick              |    20 |    53 |   124 ||   197
Throw: Stone             |       |     1 |       ||     1
  Use: Scroll            |     2 |       |     9 ||    11
       Potion            |       |       |     6 ||     6
 Stab: Sleeping          |     6 |     5 |    17 ||    28
       Distracted        |       |       |     2 ||     2
  Eat: Bread ration      |     1 |       |       ||     1
       Chunk             |     2 |     9 |     3 ||    14
       Meat ration       |       |       |     2 ||     2
Armor: Robe              |    14 |       |       ||    14
       Ring mail         |    13 |    54 |    61 ||   128
       Leather armour    |       |       |    37 ||    37
Dodge: Dodged            |    65 |   107 |   245 ||   417
